 Dungeon Sprint DCSS version 0.20-a0-1101-g1de9d76 (webtiles) character file.

11718 potatolord5000 the Severer (level 11, -4/116 HPs)
             Began as a Hill Orc Fighter on May 4, 2017.
             Was an Initiate of Gozag.
             Killed by divine providence
             ... invoked by a deep elf high priest
              (14 damage)
             ... in the Dungeon (Sprint II: "The Violet Keep of Menkaure") on May 5, 2017.
             The game lasted 00:21:43 (3054 turns).

potatolord5000 the Severer (Hill Orc Fighter)       Turns: 3054, Time: 00:21:45

Health: -4/116     AC: 31    Str: 29      XL:     11   Next: 82%
Magic:  11/11      EV:  8    Int: 11      God:    Gozag
Gold:   984        SH: 17    Dex: 12 (13) Spells: 10/10 levels left

rFire    + . .     SeeInvis +   a - +0 war axe
rCold    + . .     Gourm    +   c - +2 shield
rNeg     . . .     Faith    .   d - +0 plate armour of the Eleven Yaks {*Corrode *Slow Str+3 Dex+5} (curse)
rPois    +         Spirit   .   g - +2 helmet {SInv}
rElec    +         Reflect  .   q - scarf {cloud immunity}
rCorr    +         Harm     .   (no gloves)
MR       .....     Rnd*Rage +   b - +2 pair of boots {Fly} Stlth ..........NoTele +
                                e - amulet of Egocalal {Gourm Int+5}
Regen    0.3/turn               r - +3 ring of protection
MPRegen  0.2/turn               p - +4 ring of protection

@: mighty, resistant, flying, hasted, very quick
A: berserk 1, clumsy 1, deterioration 1, dopey 1, weak 1
a: Potion Petition, Call Merchant, Bribe Branch, Renounce Religion, Stop Flying


You were in the Dungeon.
You worshipped Gozag.
Gozag was pleased with you.
You were very full.

You visited 1 branch You collected 4302 gold pieces.
You spent 2967 gold pieces at shops.
You paid 351 gold pieces to Gozag.

Inventory:

Hand Weapons
 a - a +0 war axe (weapon)
Armour
 b - a +2 pair of boots of flying (worn)
 c - a +2 shield (worn)
 d - the cursed +0 plate armour of the Eleven Yaks (worn) {*Corrode *Slow Str+3 Dex+5}
   (You bought it in a shop in the Dungeon)

   It affects your strength (+3).
   It affects your dexterity (+5).
   It may corrode you when you take damage.
   It may slow you when you take damage.
   It has a curse placed upon it.
 g - a +2 helmet of see invisible (worn)
 q - a scarf of cloud immunity (worn)
Jewellery
 e - the amulet of Egocalal (around neck) {Gourm Int+5}
   (You bought it in a shop in the Dungeon)

   [amulet of the gourmand]

   It allows you to eat raw meat even when not hungry.
   It affects your intelligence (+5).
 p - a +4 ring of protection (right hand)
 r - a +3 ring of protection (left hand)
Scrolls
 k - 2 scrolls of blinking
 n - a scroll of recharging {unknown}
 t - a scroll of remove curse {unknown}
 u - a scroll of fog {unknown}
 v - a scroll of amnesia {unknown}
 w - 2 scrolls of identify {unknown}
Potions
 h - a potion of curing
 i - 5 potions of magic
 m - a potion of brilliance
 s - a potion of might
 A - 2 potions of flight
 B - a potion of resistance
Comestibles
 f - a bread ration
 z - a royal jelly


   Skills:
 + Level 16.8 Fighting
 + Level 18.0 Axes
 + Level 15.6 Armour
 + Level 15.5 Shields


You had 10 spell levels left.
You didn't know any spells.

Dungeon Overview and Level Annotations

Branches:
Dungeon (1/1)

Altars:
Cheibriados
Dithmenos
Elyvilon
Fedhas
Gozag
Hepliaklqana
Kikubaaqudgha
Makhleb
Nemelex Xobeh
Okawaru
Qazlal
Ru
Sif Muna
Trog
Uskayaw
Vehumet
Wu Jian
Xom
Yredelemnul
Zin
The Shining One
Beogh
Jiyva
Lugonu

Shops:
D %(::!:!=![[?}=[[

Annotations:
D exclusion: oklob plant


Innate Abilities, Weirdness & Mutations

You tend to lose your temper in combat.
You are clumsy. (Dex -2)
Your body sometimes deteriorates upon taking damage.
You are dopey. (Int -2)
You are weak. (Str -2)


Message History

The bolt of fire hits you!
The kobold demonologist mumbles some strange words.
Unknown command.
You closely miss the golden dragon.
The golden dragon is severely wounded.
You slash the bone dragon! You slash the golden dragon!
The golden dragon is almost dead.
You barely miss the bone dragon.
The frost giant seems less brilliant.
The kobold demonologist seems less brilliant.
The bone dragon bites you but does no damage.
The bone dragon claws you.
* * * LOW HITPOINT WARNING * * *
You block the bone dragon's attack.
The frost giant is empowered by the deep elf high priest's aura!
The kobold demonologist is empowered by the deep elf high priest's aura!
The deep elf high priest mumbles some strange prayers to its god against you.
Something smites you!
You die...
Your body crumbles into a pile of gold.

$ $$ $ $ $ $ $ $ ####
.C##YKD#### ≈ .
$.D2ezcD@.§## §≈
############≈≈#+++#++
###########≈≈(....... $
##.......∩#≈≈≈≈.##+##
##∩.....∩.#≈≈≈≈##..###.###
##.∩...∩.∩#≈≈≈≈#..##.# ...#
##∩.∩.∩.∩.#≈≈####.#.# ##..#
##.∩.∩.∩..#≈##.###'###.##..
##..∩.∩...#≈#...##.##.# #..


You could see a bone dragon, a golden dragon, a storm dragon, a frost giant, a
cacodemon, an elephant, a skeletal warrior, a centaur warrior, a deep elf high
priest and a kobold demonologist.

Vanquished Creatures
  Kirke (D)
  2 sphinxes (D)
  A crystal guardian (D)
  A yaktaur captain (D)
  An iron elemental (D)
  2 death drakes (D)
  2 deep trolls (D)
  A merfolk siren (D)
  A yaktaur (D)
  A hornet (D)
  3 polar bears (D)
  A blink frog (D)
  4 neqoxecs (D)
  Menkaure (D)
  2 swamp drakes (D)
  4 necrophages (D)
  3 crocodiles (D)
  3 worms (D)
34 creatures vanquished.

Vanquished Creatures (others)
  A crocodile (D)
  32 tentacles (D)
33 creatures vanquished.

Grand Total: 67 creatures vanquished

Notes
Turn   | Place    | Note
-------+----------+-------------------------------------------
     0 | D        | potatolord5000 the Hill Orc Fighter began the quest for the Orb.
     0 | D        | Reached XP level 1. HP: 19/19 MP: 1/1
     9 | D        | Reached skill level 3 in Axes
    15 | D        | Reached XP level 2. HP: 21/27 MP: 2/2
    25 | D        | Noticed a merfolk siren
    39 | D        | Killed a merfolk siren
    39 | D        | Reached skill level 9 in Axes
    39 | D        | Reached XP level 3. HP: 31/41 MP: 3/3
    39 | D        | Reached XP level 4. HP: 37/49 MP: 4/4
    39 | D        | Reached XP level 5. HP: 43/56 MP: 5/5
    39 | D        | Reached XP level 6. HP: 48/62 MP: 6/6
    45 | D        | Noticed a necrophage
    45 | D        | Noticed a necrophage
    45 | D        | Noticed a necrophage
    45 | D        | Noticed a necrophage
    52 | D        | Killed a necrophage
    52 | D        | Reached XP level 7. HP: 55/70 MP: 7/7
    55 | D        | Reached skill level 10 in Axes
    57 | D        | Reached skill level 10 in Fighting
    62 | D        | Noticed a neqoxec
    62 | D        | Noticed a neqoxec
    62 | D        | Noticed a neqoxec
    62 | D        | Noticed a neqoxec
    65 | D        | Gained mutation: You are clumsy. (Dex -2) [a neqoxec]
    69 | D        | Killed a neqoxec
    69 | D        | Reached skill level 11 in Axes
    70 | D        | Gained mutation: You are weak. (Str -2) [a neqoxec]
    72 | D        | Gained mutation: Your body sometimes deteriorates upon taking damage. [a neqoxec]
    73 | D        | Killed a neqoxec
    73 | D        | Reached skill level 10 in Armour
    73 | D        | Reached skill level 10 in Shields
    73 | D        | Reached XP level 8. HP: 69/81 MP: 8/8
    73 | D        | Gained mutation: You tend to lose your temper in combat. [a neqoxec]
    76 | D        | Gained mutation: You are dopey. (Int -2) [a neqoxec]
    83 | D        | Reached skill level 12 in Axes
   237 | D        | Found Geulen's Antique Armour Emporium.
   237 | D        | Found Zaetota's Magic Scroll Emporium.
   237 | D        | Found Edobaah's Jewellery Emporium.
   237 | D        | Found Ashuga Etuo's Distillery.
   237 | D        | Found Intaum's Antique Armour Shoppe.
   238 | D        | Found Zeagiy's Jewellery Shoppe.
   238 | D        | Found Mekk's Antique Armour Emporium.
   238 | D        | Found Cazelown's Gadget Shoppe.
   238 | D        | Found Hixumini's Armour Shoppe.
   239 | D        | Found Wesikked's Distillery.
   239 | D        | Found Kyosoel's Book Emporium.
   240 | D        | Noticed a spiny frog
   241 | D        | Found Kepheap's Distillery.
   241 | D        | Found Beqipt's Book Shoppe.
   241 | D        | Noticed Menkaure
   241 | D        | Noticed a spiny frog
   241 | D        | Noticed an oklob plant
   242 | D        | Noticed a death yak
   242 | D        | Found Cosyukke's Antique Weapon Shoppe.
   242 | D        | Found Mohicul's Book Shoppe.
   242 | D        | Found Wesoy's Food Emporium.
   260 | D        | Killed Menkaure
   267 | D        | Bought a faintly humming plate armour for 728 gold pieces
   267 | D        | Bought a shiny helmet for 195 gold pieces
   277 | D        | Identified the cursed +0 plate armour of the Eleven Yaks {*Corrode *Slow Str+3 Dex+5} (You bought it in a shop in the Dungeon)
   296 | D        | Noticed a great orb of eyes
   317 | D        | Noticed a flying skull
   319 | D        | Noticed a flying skull
   320 | D        | Noticed a flying skull
   322 | D        | Noticed a flying skull
   324 | D        | Noticed a flying skull
   324 | D        | Noticed a flying skull
   324 | D        | Noticed a flying skull
   324 | D        | Noticed a flying skull
   324 | D        | Noticed a flying skull
   325 | D        | Noticed a flying skull
   325 | D        | Noticed a flying skull
   325 | D        | Noticed a flying skull
   350 | D        | Found a glowing silver altar of Zin.
   350 | D        | Found a radiant altar of Vehumet.
   350 | D        | Found an iron altar of Okawaru.
   351 | D        | Found a basalt altar of Yredelemnul.
   351 | D        | Found a glowing golden altar of the Shining One.
   351 | D        | Found a hide-covered altar of Uskayaw.
   351 | D        | Found a sparkling altar of Nemelex Xobeh.
   352 | D        | Found a shimmering altar of Xom.
   352 | D        | Found a bloodstained altar of Trog.
   352 | D        | Found a burning altar of Makhleb.
   352 | D        | Found an opulent altar of Gozag.
   353 | D        | Found a deep blue altar of Sif Muna.
   353 | D        | Found an ornate altar of the Wu Jian Council.
   353 | D        | Found a corrupted altar of Lugonu.
   353 | D        | Found a blossoming altar of Fedhas.
   354 | D        | Found a sacrificial altar of Ru.
   354 | D        | Found an ancient bone altar of Kikubaaqudgha.
   354 | D        | Found a white marble altar of Elyvilon.
   355 | D        | Found a stormy altar of Qazlal.
   355 | D        | Found a viscous altar of Jiyva.
   355 | D        | Found a shadowy altar of Dithmenos.
   357 | D        | Found a hazy altar of Hepliaklqana.
   357 | D        | Found a snail-covered altar of Cheibriados.
   358 | D        | Found a roughly hewn altar of Beogh.
   358 | D        | Noticed a polar bear
   359 | D        | Noticed a polar bear
   360 | D        | Noticed a polar bear
   360 | D        | Noticed a hornet
   362 | D        | Noticed a yaktaur
   371 | D        | Became a worshipper of Gozag Ym Sagoz the Greedy
   376 | D        | Paralysed by a hornet for 2 turns
   381 | D        | Killed a hornet
   382 | D        | Killed a polar bear
   382 | D        | Reached XP level 9. HP: 10/90 MP: 9/9
   385 | D        | HP: 3/135 [polar bear (5)]
   387 | D        | Killed a polar bear
   387 | D        | Reached skill level 13 in Axes
   390 | D        | Killed a polar bear
   390 | D        | HP: 2/91 [poisoned by a hornet]
   394 | D        | Killed a yaktaur
   718 | D        | Noticed a kraken
  1163 | D        | Bought a +2 pair of boots of flying for 279 gold pieces
  1178 | D        | Bought a runed scarf for 200 gold pieces
  1189 | D        | Bought a +3 ring of protection for 273 gold pieces
  1278 | D        | Reached skill level 14 in Axes
  1293 | D        | Noticed a deep troll
  1293 | D        | Noticed a deep troll
  1302 | D        | Killed a deep troll
  1302 | D        | Reached XP level 10. HP: 95/101 MP: 10/10
  1306 | D        | Killed a deep troll
  1334 | D        | Noticed a sphinx
  1334 | D        | Noticed a sphinx
  1338 | D        | Paralysed by a sphinx for 2 turns
  1345 | D        | Killed a sphinx
  1345 | D        | Reached skill level 15 in Axes
  1349 | D        | Killed a sphinx
  1349 | D        | Reached skill level 15 in Fighting
  1349 | D        | Reached skill level 16 in Axes
  1349 | D        | Reached XP level 11. HP: 112/112 MP: 11/11
  1480 | D        | Bought the amulet of Egocalal {Gourm Int+5} for 522 gold pieces
  1480 | D        | Bought a +4 ring of protection for 396 gold pieces
  1525 | D        | Noticed a death drake
  1525 | D        | Noticed a crystal guardian
  1533 | D        | Noticed a death drake
  1555 | D        | Killed a crystal guardian
  1563 | D        | Killed a death drake
  1586 | D        | Killed a death drake
  1586 | D        | Reached skill level 17 in Axes
  1811 | D        | Noticed an iron elemental
  1826 | D        | Killed an iron elemental
  1826 | D        | Reached skill level 15 in Armour
  1826 | D        | Reached skill level 15 in Shields
  1892 | D        | Bought a potion of might for 52 gold pieces
  1892 | D        | Bought a potion of haste for 130 gold pieces
  1892 | D        | Bought a potion of might for 52 gold pieces
  1892 | D        | Bought a potion of heal wounds for 65 gold pieces
  1926 | D        | Bought a scroll of enchant armour for 75 gold pieces
  3006 | D        | Noticed a centaur warrior
  3006 | D        | Noticed Kirke
  3006 | D        | Noticed a yaktaur captain
  3007 | D        | Noticed a golden dragon
  3007 | D        | Noticed a skeletal warrior
  3008 | D        | Noticed a bone dragon
  3008 | D        | Noticed a storm dragon
  3013 | D        | Noticed a deep elf high priest
  3018 | D        | Killed a yaktaur captain
  3021 | D        | Noticed a cacodemon
  3029 | D        | Noticed a sphinx
  3031 | D        | Killed Kirke
  3031 | D        | Reached skill level 18 in Axes
  3032 | D        | Noticed a frost giant
  3040 | D        | HP: 5/116 [golden dragon/bolt of cold (29)]
  3054 | D        | Killed from afar by a deep elf high priest

Vault maps used:
D:        the_violet_keep_of_menkaure

Skill      XL: |  1  2  3  4  5  6  7  8  9 10 11 |
---------------+----------------------------------+-----
Fighting       | 4 8 9 10 12 13 15 16 | 16.8
Axes           | 3 9 11 12 14 16 18 | 18.0
Armour         | 4 8 10 11 12 14 15 | 15.6
Shields        | 8 10 11 12 14 15 | 15.5

Action                   |  1- 3 |  4- 6 |  7- 9 | 10-12 || total
-------------------------+-------+-------+-------+-------++-------
Melee: War axe           |    24 |     5 |    72 |   100 ||   201
       Unarmed           |       |       |       |    11 ||    11
Invok: Potion Petition   |       |       |     2 |       ||     2
  Use: Potion            |     3 |       |     4 |    17 ||    24
       Scroll            |       |       |     1 |     2 ||     3
 Stab: Distracted        |       |       |     1 |       ||     1
  Eat: Meat ration       |       |       |     1 |     1 ||     2
       Bread ration      |       |       |     1 |       ||     1
Armor: Scale mail        |     1 |     2 |     5 |       ||     8
       Plate armour      |       |       |    58 |    71 ||   129
Dodge: Dodged            |       |     1 |    48 |    34 ||    83
Block: Shield            |     5 |       |    75 |    65 ||   145
